 Dungeon Sprint DCSS version 0.32-a0-422-g28b100f618 (webtiles) character file.

Game seed: 17843778947527973529

333 adelrune the Basher (level 6, -5/61 HPs)
             Began as a Minotaur Fighter on Feb 21, 2024.
             Was an Initiate of Ru.
             Slain by a yak (13 damage)
             ... in the Dungeon (Sprint IX: "|||||||||||||||||||||||||||||").
             The game lasted 00:01:42 (145 turns).

adelrune the Basher (Minotaur Fighter)               Turns: 145, Time: 00:01:43

Health: -5/61      AC: 11    Str: 22    XL:     6   Next: 27%
Magic:  5/5        EV: 10    Int:  5    God:    Ru [......]
Gold:   0          SH:  6    Dex: 13    Spells: 5/5 levels left

rFire   . . .        n - +2 morningstar (heavy)
rCold   . . .        c - +0 buckler
rNeg    . . .        o - +1 chain mail
rPois   .            (helmet restricted)
rElec   .            (no cloak)
rCorr   .            (no gloves)
SInv    .            (no boots)
Will    .....        (no amulet) Stlth
                     p - +3 ring of dexterity
HPRegen 0.30/turn    q - +2 ring of evasion
MPRegen 0.09/turn

%: no teleportation
@: no status effects
A: horns 2, retaliatory headbutt
a: Renounce Religion


You were in the Dungeon.
You worshipped Ru.
Ru was noncommittal.
You visited 1 branch

Inventory:

Hand Weapons
 a - a +0 flail
 n - a +2 heavy morningstar (weapon)
Armour
 b - a +0 scale mail
 c - a +0 buckler (worn)
 o - a +1 chain mail (worn)
Jewellery
 p - a +3 ring of dexterity (left hand)
 q - a +2 ring of evasion (right hand)
Wands
 m - a wand of roots (10)
Scrolls
 j - 2 scrolls of blinking
 l - 2 scrolls of amnesia
Potions
 d - a potion of might
 e - a potion of invisibility
 f - 2 potions of heal wounds
 g - a potion of haste
 h - 4 potions of magic
 i - a potion of berserk rage
 k - 4 potions of curing


   Skills:
 + Level 8.0 Fighting
 * Level 10.4 Maces & Flails
 + Level 8.0 Armour
 + Level 8.0 Shields


You had 5 spell levels left.
You didn't know any spells.
Your spell library was empty.

Dungeon Overview and Level Annotations

Branches:
Dungeon (1/1)

Altars:
Cheibriados
Dithmenos
Elyvilon
Fedhas
Gozag
Hepliaklqana
Kikubaaqudgha
Makhleb
Nemelex Xobeh
Okawaru
Qazlal
Ru
Sif Muna
Trog
Uskayaw
Vehumet
Wu Jian
Xom
Yredelemnul
Zin
The Shining One
Beogh
Jiyva
Lugonu


Innate Abilities, Weirdness & Mutations

You have a pair of horns on your head.
You reflexively headbutt those who attack you in melee.


Message History

You closely miss the troll. You headbutt the troll!
The troll is moderately wounded.
The yak snorts and paws the ground.
You block the troll's attack. The troll barely misses you. The troll claws you!
The troll barely misses you. The troll closely misses you.
The troll claws you but does no damage.
You hit the troll.
The troll is heavily wounded.
The troll closely misses you. The troll claws you but does no damage.
You block the troll's attack.
The orc wizard gestures wildly while chanting.
The orc wizard flickers and vanishes!
Deactivating autopickup; reactivate with Ctrl-A.
The troll bites you! The troll closely misses you. The troll claws you.
You barely miss the troll.
The troll is moderately wounded.
The troll closely misses you. The troll claws you. x2
You bludgeon the troll!!
You kill the troll!
The troll leather armour is intact enough to wear.
The yak barely misses you.
Your Fighting skill gained 2 levels and is now at level 8!
Your Maces & Flails skill gained 3 levels and is now at level 10!
Your Armour skill gained 2 levels and is now at level 8!
Your Shields skill gained 2 levels and is now at level 8!
You have reached level 5!
You have reached level 6!
You closely miss the yak.
The shadow slips into darkness.
The shadow flickers and vanishes!
The yak gores you!
* * * LOW HITPOINT WARNING * * *
You block the yak's attack.
You barely miss the yak. You headbutt the yak, but do no damage.
The yak gores you.
* * * LOW HITPOINT WARNING * * *
You hit the yak. You headbutt the yak.
The yak is moderately wounded.
The yak gores you!
You die...
Ru respects your ultimate sacrifice. ▓▓▓▓▓▓▓▓▓▓▓▓▓▓▓▓▓▓▓▓▓▓▓▓ _______'..).[[..@Y9.k... ▓▓▓▓▓▓▓▓▓▓▓▓▓▓▓▓▓▓▓▓▓▓▓▓

You could see a yak, a wyvern and a gargoyle.

Vanquished Creatures
  A troll (D)
  A scorpion (D)
  A hound (D)
  A gnoll bouda (D)
  2 orcs (D)
  An endoplasm (D)
  A kobold (D)
  A bat (D)
  2 rats (D)
11 creatures vanquished.

Notes
Turn   | Place    | Note
-------+----------+-------------------------------------------
     0 | D        | adelrune the Minotaur Fighter began the quest for the Orb.
     0 | D        | Reached XP level 1. HP: 19/19 MP: 0/0
     5 | D        | Reached skill level 3 in Maces & Flails
    23 | D        | Reached XP level 2. HP: 27/27 MP: 1/1
    28 | D        | Noticed a scorpion
    38 | D        | Killed a scorpion
    38 | D        | HP: 1/27 [poisoned by a scorpion]
    39 | D        | Reached skill level 5 in Fighting
    39 | D        | Reached skill level 6 in Maces & Flails
    39 | D        | Reached skill level 5 in Armour
    39 | D        | Reached skill level 5 in Shields
    39 | D        | Reached XP level 3. HP: 2/36 MP: 2/2
    44 | D        | Reached XP level 4. HP: 40/42 MP: 3/3
    49 | D        | Reached skill level 7 in Maces & Flails
    60 | D        | Found a roughly hewn altar of Beogh.
    60 | D        | Found a snail-covered altar of Cheibriados.
    60 | D        | Found a shadowy altar of Dithmenos.
    60 | D        | Found a white marble altar of Elyvilon.
    60 | D        | Found a blossoming altar of Fedhas.
    60 | D        | Found an opulent altar of Gozag.
    61 | D        | Found a hazy altar of Hepliaklqana.
    62 | D        | Found a viscous altar of Jiyva.
    63 | D        | Found an ancient bone altar of Kikubaaqudgha.
    64 | D        | Found a corrupted altar of Lugonu.
    65 | D        | Found a burning altar of Makhleb.
    66 | D        | Found a sparkling altar of Nemelex Xobeh.
    67 | D        | Found an iron altar of Okawaru.
    68 | D        | Found a stormy altar of Qazlal.
    69 | D        | Found a sacrificial altar of Ru.
    70 | D        | Found a shimmering blue altar of Sif Muna.
    71 | D        | Found a bloodstained altar of Trog.
    72 | D        | Found a hide-covered altar of Uskayaw.
    73 | D        | Found a radiant altar of Vehumet.
    76 | D        | Found an ornate altar of the Wu Jian Council.
    77 | D        | Found a shimmering altar of Xom.
    78 | D        | Found a basalt altar of Yredelemnul.
    81 | D        | Found a glowing silver altar of Zin.
    84 | D        | Found a glowing golden altar of the Shining One.
    97 | D        | Became a worshipper of Ru the Awakened
   138 | D        | Noticed a troll
   138 | D        | Noticed a yak
   138 | D        | Noticed a gargoyle
   138 | D        | Noticed a wyvern
   138 | D        | Noticed a shadow
   142 | D        | Killed a troll
   143 | D        | Reached skill level 10 in Maces & Flails
   143 | D        | Reached XP level 5. HP: 18/53 MP: 4/4
   143 | D        | Reached XP level 6. HP: 21/61 MP: 5/5
   145 | D        | Slain by a yak

Illustrated notes

Levels and vault maps discovered:
D:        linesprint [early_d, line_temple, items_1, d_10, items_2, lair_1,
          lair_end, items_3, orc_1, orc_end, items_4, d_15, swamp_1, shoals_1,
          snake_1, spider_1, d_20, vaults_1, items_5, swamp_end, shoals_end,
          snake_end, spider_end, vaults_end, d_27, items_6, zot_1, zot_end,
          crypt_end, forest_end, elf_end, slime_end, tomb_end, abyss_end,
          pan_hell_end]

Skill      XL: |  1  2  3  4 |
---------------+-------------+-----
Maces & Flails | 3 6 10 | 10.4
Fighting       | 4 5 8 |  8.0
Armour         | 4 5 8 |  8.0
Shields        | 4 5 8 |  8.0

Action                     |  1- 3 |  4- 6 || total
---------------------------+-------+-------++-------
  Melee: Flail             |    31 |     8 ||    39
         Headbutt          |     2 |     6 ||     8
         Morningstar       |       |     7 ||     7
    Use: Potion            |     2 |       ||     2
 Armour: Scale mail        |    23 |     4 ||    27
         Chain mail        |       |    10 ||    10
  Dodge: Dodged            |    18 |    10 ||    28
  Block: Buckler           |     5 |     3 ||     8

Table legend: (Time is in decaauts)
 A = Elapsed time spent in this place.
 B = Non-inter-level travel time spent in this place.
 C = Inter-level travel time spent in this place.
 D = Time resting spent in this place.
 E = Time spent auto-exploring this place.
 F = Levels seen in this place.
 G = Mean time per level.
                   A        B        C        D        E       F      G
               +--------+--------+--------+--------+--------+-----+--------+
         Total |    155 |    155 |      0 |      0 |     13 |   1 |  155.0 |
       Dungeon |    155 |    155 |      0 |      0 |     13 |   1 |  155.0 |
               +--------+--------+--------+--------+--------+-----+--------+

Top non-repeatable levels by time:
       D: 155 daAuts
